 Dungeon Crawl Stone Soup version 0.21-a0-442-g848f44b (webtiles) character file.

19 Gorice the Grasshopper (level 2, -7/19 HPs)
             Began as a Demonspawn Wanderer on Nov 12, 2017.
             Killed from afar by an orc wizard (10 damage)
             ... with a puff of flame
             ... on level 2 of the Dungeon.
             The game lasted 00:04:55 (908 turns).

Gorice the Grasshopper (Demonspawn Wanderer)         Turns: 908, Time: 00:04:56

Health: -7/19      AC:  8    Str: 12    XL:     2   Next: 55%
Magic:  1/5        EV: 11    Int: 13    God:
Gold:   42         SH:  0    Dex: 12    Spells: 4/5 levels left

rFire    . . .     SeeInvis .   e - +0 club
rCold    + . .     Gourm    .   (no shield)
rNeg     . . .     Faith    .   d - +0 robe
rPois    .         Spirit   .   (no helmet)
rElec    .         Reflect  .   (no cloak)
rCorr    .         Harm     .   (no gloves)
MR       .....                  (no boots)
Stlth    +.........             (no amulet)
HPRegen  0.06/turn              o - ring of protection from cold
MPRegen  0.09/turn              (no ring)

@: sanguine armour
A: sanguine armour 1
a: no special abilities


You were on level 2 of the Dungeon.
You were not hungry.

You visited 1 branch of the dungeon, and saw 2 of its levels.

You collected 42 gold pieces.

Inventory:

Hand Weapons
 e - a +0 club (weapon)
Missiles
 Y - 11 stones (quivered)
Armour
 d - a +0 robe (worn)
 j - a +0 plate armour
 k - a +0 chain mail
Jewellery
 o - a ring of protection from cold (left hand)
Scrolls
 g - a scroll of remove curse
 l - a scroll of enchant weapon {unknown}
 n - 2 scrolls of teleportation {!r}
Potions
 i - a potion of agility {unknown}
 q - a potion of magic {unknown}
Books
 a - a book of Frost
 b - the Grimoire of the Escort

   Spells                             Type                      Level
   a - Summon Small Mammal            Summoning                    1
   b - Call Canine Familiar           Summoning                    3
 c - the Tome of the Voyage

   Spells                             Type                      Level
   a - Apportation                    Translocation                1
   b - Lesser Beckoning               Translocation                3
Comestibles
 f - 3 bread rations {!e}
 h - 3 meat rations {!e}
 p - a chunk of flesh


   Skills:
 - Level 1.0 Throwing
 + Level 2.3 Spellcasting
   Level 1.0 Summonings
   Level 2.6 Translocations
 * Level 2.6 Ice Magic
   Level 1.0 Evocations


You had 4 spell levels left.
You knew the following spells:

 Your Spells              Type           Power        Failure   Level  Hunger
a - Freeze                Ice            #...         9%          1    #......


Dungeon Overview and Level Annotations

Branches:
Dungeon (2/15)

Altars:
Ru


Innate Abilities, Weirdness & Mutations

When seriously injured, your bleeding wounds create armour. (AC +6)


Message History

Press: ? - help, Shift-Dir - straight line, f/p - orc wizard
Aim: an orc wizard, wielding a dagger and wearing a robe (lightly wounded)
You freeze the orc wizard.
The orc wizard is moderately wounded.
The orc wizard hits you but does no damage.
An orc comes into view. It is wielding a club.
Casting: Freeze
Confirm with . or Enter, or press ? or * to list all spells.
Aiming: Freeze
Press: ? - help, Shift-Dir - straight line, f/p - orc wizard
Aim: an orc wizard, wielding a dagger and wearing a robe (moderately wounded)
You freeze the orc wizard.
The orc wizard is heavily wounded.
The orc wizard casts a spell at you. The puff of flame hits you!
An orc comes into view. It is wielding a hand axe.
Damage: 6 (max 6)
Casting: Freeze
Confirm with . or Enter, or press ? or * to list all spells.
Aiming: Freeze
Press: ? - help, Shift-Dir - straight line, f/p - orc wizard
Aim: an orc wizard, wielding a dagger and wearing a robe (heavily wounded)
You freeze the orc wizard.
The orc wizard is almost dead.
The orc wizard casts a spell at you. The puff of frost hits you! You resist.
* * * LOW HITPOINT WARNING * * *
Your blood congeals into armour.
Damage: 6 (max 6)
Casting: Freeze
Confirm with . or Enter, or press ? or * to list all spells.
Aiming: Freeze
Press: ? - help, Shift-Dir - straight line, f/p - orc wizard
Aim: an orc wizard, wielding a dagger and wearing a robe (almost dead)
You freeze the orc wizard.
The orc wizard is almost dead.
The orc wizard casts a cantrip, but nothing happens.
The orc wizard points at you and mumbles some strange words.
The puff of frost hits you! You resist.
* * * LOW HITPOINT WARNING * * *
Damage: 1 (max 6)
The orc wizard casts a spell at you. The puff of frost hits you! You resist.
* * * LOW HITPOINT WARNING * * *
Damage: 3 (max 6)
The orc wizard begins to cast a cantrip, but forgets the words!
The orc wizard gestures at you while chanting.
The puff of flame hits you!
Ouch! That really hurt!
You die...

###.####.#.# # ......#.#.#
#.##.##.#.#.#
##.#.#...#.#.#.######
......._.......##...
.#.#.#...#.#.#.##.##
#.##.##.#.#.#...## ###
#.......#.#......##...
#.####.####@#.....<.#.#
#ooooo......#..)..<...#
######.######.......######.
#..# ##.#..............
#.## #....#...########. ..
#.#.....## #.# #....#..# #.
####.#...# #. #.#.#.#


You could see 2 orc wizards.

Vanquished Creatures
  A dart slug (D:1)
  5 bats
  A goblin (D:1)
  4 hobgoblins
  A frilled lizard (D:1)
  A kobold (D:1)
  3 rats (D:1)
16 creatures vanquished.

Notes
Turn   | Place    | Note
-------+----------+-------------------------------------------
     0 | D:1      | Gorice the Demonspawn Wanderer began the quest for the Orb.
     0 | D:1      | Gorice set off with: a book of Frost, the Grimoire of the Escort, the Tome of the Voyage, a +0 robe, a +0 club, a bread ration {!e}
     0 | D:1      | Reached XP level 1. HP: 13/13 MP: 3/3
     0 | D:1      | Identified the Grimoire of the Escort
     0 | D:1      | Identified the Tome of the Voyage
     2 | D:1      | Learned a level 1 spell: Freeze
    96 | D:1      | Reached skill level 2 in Ice Magic
   364 | D:1      | Gained mutation: When seriously injured, your bleeding wounds create armour. (AC +6) [demonic ancestry]
   364 | D:1      | Reached XP level 2. HP: 16/19 MP: 0/5
   877 | D:2      | Found a sacrificial altar of Ru.
   906 | D:2      | HP: 3/19 [orc wizard/puff of frost (3)]
   908 | D:2      | Killed from afar by an orc wizard

Vault maps used:
D:1:      dpeg_arrival_concentric_ovals
D:2:      nicolae_ru_sacrificial_ziggurat, first_bread, roderic_serpentine_path,
          uniq_sigmund

Skill      XL: |  1 |
---------------+----+-----
Ice Magic      | 2 |  2.6
Throwing       | |  1.0
Spellcasting   | |  2.3
Summonings     | |  1.0
Translocations | |  2.6
Evocations     | |  1.0

Action                   || total
-------------------------++-------
Melee: Club              ||     8
Throw: Stone             ||     4
 Cast: Freeze            ||    26
  Use: Scroll            ||     4
Armor: Robe              ||     6
Dodge: Dodged            ||    15

Table legend:
 A = Spawn XP
 B = Non-spawn XP
 C = Spawn XP percentage of total XP
 D = Spawn monster count
 E = Non-spawn monster count
 F = Spawn count percentage of total count
 G = Total turns spent on level
                    A         B        C        D         E        F      G
               +---------+---------+-------+---------+---------+-------+---------
         Total |       0 |      28 |   0.0 |       0 |      16 |   0.0 |   908
               +---------+---------+-------+---------+---------+-------+---------
           D:1 |       0 |      24 |   0.0 |       0 |      14 |   0.0 |   756
           D:2 |       0 |       4 |   0.0 |       0 |       2 |   0.0 |   152
               +---------+---------+-------+---------+---------+-------+---------

Table legend:
 A = Turns spent in this place as a percentage of turns spent in the entire game.
 B = Non-inter-level travel turns spent in this place as a percentage of non-inter-level travel turns spent in the entire game.
 C = Inter-level travel turns spent in this place as a percentage of turns spent in this place.
 D = Turns resting spent in this place as a percentage of non-inter-level travel turns spent in this place.
 E = Turns spent auto-exploring this place as a percentage of non-inter-level travel turns spent in this place.
 F = Non-inter-level travel turns spent in this place divided by the number of levels of this place that you've seen.
                   A       B       C       D       E      F
               +-------+-------+-------+-------+-------+----------------------
         Total | 100.0 | 100.0 |   3.9 |   9.9 |  61.7 | 436.5
       Dungeon | 100.0 | 100.0 |   3.9 |   9.9 |  61.7 | 436.5
               +-------+-------+-------+-------+-------+----------------------

Vault maps used:
D:1:      dpeg_arrival_concentric_ovals
D:2:      nicolae_ru_sacrificial_ziggurat, first_bread, roderic_serpentine_path,
          uniq_sigmund
